 Dungeon Crawl Stone Soup version 0.23.2-40-g277498a001 (webtiles) character file.

Game seed: 11693599363685174831

15836 KrissU the Covert (level 12, -9/100 HPs)
             Began as a Ghoul Gladiator on June 4, 2019.
             Was a Believer of Makhleb.
             Killed by divine providence
             ... invoked by an orc priest
              (12 damage)
             ... on level 2 of the Orcish Mines on Oct 4, 2019.
             The game lasted 01:27:38 (13723 turns).

KrissU the Covert (Ghoul Gladiator)                Turns: 13723, Time: 01:27:38

Health: -9/100     AC: 20    Str: 27    XL:     12   Next: 31%
Magic:  0/14       EV: 15    Int:  3    God:    Makhleb [**....]
Gold:   1387       SH:  0    Dex: 15    Spells: 15/15 levels left

rFire    + . .     SeeInvis .   F - +4 dire flail (freeze)
rCold    + . .     Gourm    .   (shield currently unavailable)
rNeg     + + +     Faith    .   M - +6 ring mail "Wiox" {rPois}
rPois    ∞         Spirit   +   c - +0 helmet
rElec    .         Reflect  .   Q - scarf {Spirit}
rCorr    .         Harm     .   I - +0 pair of gloves
MR       .....                  o - +0 pair of boots
Stlth    ++++......             z - amulet "Jasyed" {+Rage rF+ Str+4}
HPRegen  0.00/turn              g - +5 ring of protection
MPRegen  0.14/turn              b - +5 ring of dexterity

@: about to teleport, rotting
A: rotting body, claws 1, carnivore, cold resistance 1, negative energy
resistance 3, inhibited regeneration, torment resistance, unbreathing
a: Minor Destruction, Renounce Religion


You were on level 2 of the Orcish Mines.
You worshipped Makhleb.
Makhleb was pleased with you.
You were not hungry.

You visited 3 branches of the dungeon, and saw 14 of its levels.

You collected 1597 gold pieces.
You spent 210 gold pieces at shops.

Inventory:

Hand Weapons
 F - a +4 dire flail of freezing (weapon)
Missiles
 m - 175 stones (quivered)
Armour
 c - a +0 helmet (worn)
 o - a +0 pair of boots (worn)
 A - +0 steam dragon scales
 I - a +0 pair of gloves (worn)
 L - a scarf of repulsion
 M - the +6 ring mail "Wiox" (worn) {rPois}
   (You found it on level 8 of the Dungeon)

   It protects you from poison.
 Q - a scarf of spirit shield (worn)
 S - a +0 troll leather armour
Jewellery
 b - a +5 ring of dexterity (right hand)
 g - a +5 ring of protection (left hand)
 z - the amulet "Jasyed" (around neck) {+Rage rF+ Str+4}
   (You found it on level 10 of the Dungeon)

   [amulet of rage]

   It affects your strength (+4).
   It protects you from fire.
   It lets you go berserk.
 D - the amulet "Umamic" {Acrobat +Blink}
   (You found it on level 6 of the Dungeon)

   [amulet of the acrobat]

   It helps you evade while moving and waiting.
   It lets you blink.
 O - an uncursed ring of see invisible
 T - an uncursed ring of flight
Wands
 h - a wand of acid (6)
 v - a wand of polymorph (9)
 P - a wand of digging (4)
Scrolls
 a - 4 scrolls of remove curse
 e - a scroll of fog
 i - a scroll of immolation {unknown}
 j - 3 scrolls of enchant armour
 l - a scroll of noise {unknown}
 n - a scroll of blinking {unknown}
 q - 5 scrolls of magic mapping
 s - a scroll of fear {unknown}
 w - 2 scrolls of amnesia {unknown}
 x - a scroll of acquirement {unknown}
 y - a scroll of summoning {unknown}
 B - 2 scrolls of random uselessness {unknown}
 C - 2 scrolls of teleportation
 G - a scroll of identify
Potions
 d - a potion of brilliance
 p - 2 potions of agility
 r - 8 potions of curing
 t - a potion of heal wounds {unknown}
 u - a potion of flight {unknown}
 H - a potion of mutation {unknown}
 J - a potion of cancellation {unknown}
 K - 3 potions of berserk rage {unknown}
 N - a potion of ambrosia {unknown}
Miscellaneous
 E - a lightning rod (2/4)
Comestibles
 f - 21 rations
 k - 2 chunks of flesh


   Skills:
 + Level 7.0 Fighting
   Level 3.5 Long Blades
 + Level 8.1(9.1) Maces & Flails
   Level 6.3(8.2) Staves
 - Level 1.7 Throwing
 + Level 5.2 Armour
 + Level 6.2 Dodging
 * Level 10.0 Stealth
   Level 3.0 Shields
 + Level 7.6 Unarmed Combat
 + Level 2.2 Spellcasting
 + Level 3.9 Invocations
 + Level 3.0 Evocations


You had 15 spell levels left.
You didn't know any spells.
Your spell library contained the following spells:

 Spells                   Type           Power        Failure   Level  Hunger
 Animate Skeleton         Necr           N/A          56%         1    ##.....
 Pain                     Necr           #...         56%         1    ##.....
 Slow                     Hex            #.......     71%         2    ###....
 Throw Flame              Conj/Fire      #.....       71%         2    ###....
 Confuse                  Hex            #.......     91%         3    ####...
 Regeneration             Chrm/Necr      #.........   91%         3    ####...
 Vampiric Draining        Necr           #.........   91%         3    ####...
 Animate Dead             Necr           N/A          100%        4    #####..
 Bolt of Magma            Conj/Fire/Erth #.........   100%        5    ######.
 Iskenderun's Battlesphe  Conj/Chrm      #.......     100%        5    ######.
 Silence                  Hex/Air        #.........   100%        5    ######.
 Venom Bolt               Conj/Pois      #.........   100%        5    ######.
 Iron Shot                Conj/Erth      #.........   100%        6    #######
 Orb of Destruction       Conj           #.........   100%        7    #######
 Spellforged Servitor     Conj/Summ      #.........   100%        7    #######
 Ignition                 Fire           #.........   100%        8    #######


Dungeon Overview and Level Annotations

Branches:
Dungeon (11/15)            Temple (1/1) D:6             Orc (2/2) D:11
    Elf (0/3) Orc:2
   Lair: D:8-11

Altars:
Ashenzari
Cheibriados
Dithmenos
Elyvilon
Fedhas
Gozag
Hepliaklqana
Kikubaaqudgha
Makhleb
Nemelex Xobeh
Okawaru
Qazlal
Ru
Sif Muna
Trog
Uskayaw
Vehumet
Wu Jian
Xom
Yredelemnul
Zin
The Shining One
Beogh

Shops:
D:6 :   D:10 =   D:11 ([


Innate Abilities, Weirdness & Mutations

Your body is rotting away.
You thrive on raw meat.
You are immune to poison.
You have sharp fingernails.
You are carnivorous and can eat meat at any time.
Your flesh is cold resistant. (rC+)
You are immune to negative energy. (rN+++)
You do not regenerate when monsters are visible.
You are immune to unholy pain and torment.
You can survive without breathing.


Message History

You hit the orc priest. You freeze the orc priest.
The orc priest is almost dead.
The orc priest hits you but does no damage.
The orc warrior hits you but does no damage.
A demon appears!
You can no longer summon a lesser servant of Makhleb.
Your neqoxec closely misses the orc warrior.
The orc priest hits you but does no damage.
The orc priest looks braver for a moment.
Your neqoxec barely misses the orc priest.
The orc priest invokes the aid of Beogh against you.
Beogh smites you!
* * * LOW HITPOINT WARNING * * *
Your ynoxinul gestures.
As you read the scroll of teleportation, it crumbles to dust.
You feel strangely unstable.
Your neqoxec closely misses the orc priest.
The orc priest calls down the wrath of Beogh upon you.
Beogh smites you!
You die...

####...#...## #..#### ###
.##.#.##..## #.....## ##.##
...........## ###.....# ##...#
............# ##......####....##
...........## #.........#......#
#.#.#.......###...............##
####.........#......#.........#
##.#...................#....##
#.....#........@o...)(....###
#.....#........ooo.......##
##.#.##........oo.35).....#
######.......3.)...)......#
##########[55.........#
#..oo..........#
#).o)..........# #$.o...........
#..............


You could see an orc knight, an orc warrior, 6 orc priests, 2 orcs, a friendly
neqoxec, a friendly ynoxinul and 3 friendly ufetubi.

Vanquished Creatures
  The ghost of freakyemo the Fighter, a novice MiBe of Trog (D:10)
  Pikel (D:8)
  A wolf spider (Orc:1)
  An orc sorcerer (Orc:2)
  A centaur skeleton (D:10)
  2 trolls
  2 hippogriffs (D:10)
  A wyvern (D:10)
  Sigmund (D:4)
  2 shadows
  A vampire (D:10)
  4 yaks
  A tarantella (Orc:1)
  2 steam dragons (D:5)
  Menkaure (D:4)
  An acid dragon (D:10)
  A hornet zombie (D:10)
  11 orc warriors
  A slave (D:7)
  A phantom (D:7)
  2 sky beasts
  2 centaurs
  6 ogres
  A crocodile (D:10)
  A big kobold (D:10)
  11 bullfrogs
  A gnoll sergeant (D:6)
  2 wyvern skeletons
  5 scorpions
  3 killer bees (D:10)
  8 wights
  An electric eel (D:6)
  6 howler monkeys
  5 crimson imps
  4 bullfrog zombies
  A centaur zombie (D:5)
  7 hounds
  A quasit (D:7)
  5 jellies
  6 orc priests
  A bullfrog skeleton (D:8)
  23 orc wizards
  2 iguanas
  9 worker ants
  A hound zombie (D:10)
  A hound skeleton (D:7)
  A worker ant zombie (D:6)
  8 gnolls
  A howler monkey skeleton (D:5)
  9 adders
  2 river rats (D:4)
  A shadow imp (D:6)
  An ooze (D:3)
  3 adder skeletons
  An adder zombie (D:4)
  6 worms
  2 dart slugs (D:2)
  3 leopard geckos
  61 orcs
  3 bats
  7 giant cockroaches
  5 hobgoblins
  8 quokkas
  2 ball pythons
  A frilled lizard (D:2)
  A giant cockroach zombie (D:5)
  2 goblins
  12 kobolds
  A leopard gecko skeleton (D:8)
  7 rats
300 creatures vanquished.

Vanquished Creatures (collateral kills)
  A two-headed ogre (D:11)
  Urug (Orc:2)
  A manticore (D:11)
  A cyclops (D:11)
  A queen bee (D:10)
  A hornet (D:10)
  A redback (Orc:1)
  A tarantella (Orc:1)
  3 orc warriors
  3 killer bees (D:10)
  3 orc priests
  4 orc wizards
  14 orcs
35 creatures vanquished.

Vanquished Creatures (others)
  A water moccasin (D:8)
  2 slaves (D:8)
  A bullfrog (D:8)
  A jelly (D:8)
  12 fungi (D:5)
17 creatures vanquished.

Grand Total: 352 creatures vanquished

Notes
Turn   | Place    | Note
-------+----------+-------------------------------------------
     0 | D:1      | KrissU the Ghoul Gladiator began the quest for the Orb.
     0 | D:1      | Reached XP level 1. HP: 17/17 MP: 0/0
     0 | D:1      | Upgraded the game from 0.23.2-11-gf996548c65 to
                  | 0.23.2-40-g277498a001
   198 | D:1      | Reached XP level 2. HP: 22/24 MP: 1/1
   916 | D:2      | Reached skill level 1 in Stealth
   960 | D:2      | Reached XP level 3. HP: 8/28 MP: 2/2
  1343 | D:2      | Reached skill level 1 in Unarmed Combat
  1591 | D:2      | Reached XP level 4. HP: 36/37 MP: 3/3
  2073 | D:3      | Reached skill level 1 in Armour
  2701 | D:4      | Reached skill level 2 in Stealth
  2701 | D:4      | Reached XP level 5. HP: 42/42 MP: 4/4
  2713 | D:3      | Reached skill level 1 in Maces & Flails
  2715 | D:3      | HP: 1/42 [orc wizard/+0 dagger (4)]
  2717 | D:3      | Reached XP level 6. HP: 2/50 MP: 5/5
  3674 | D:4      | Reached skill level 3 in Stealth
  3858 | D:4      | Reached XP level 7. HP: 57/57 MP: 6/6
  4053 | D:4      | Noticed Menkaure
  4076 | D:4      | Killed Menkaure
  4131 | D:4      | Noticed Sigmund
  4175 | D:4      | Killed Sigmund
  4175 | D:4      | Reached skill level 1 in Staves
  4175 | D:4      | Reached skill level 4 in Stealth
  4175 | D:4      | Reached XP level 8. HP: 34/63 MP: 7/7
  4383 | D:5      | Entered Level 5 of the Dungeon
  4623 | D:5      | Found an iron altar of Okawaru.
  5345 | D:5      | Reached skill level 5 in Stealth
  5619 | D:6      | Found a large runed translucent door.
  5619 | D:6      | Found a large runed translucent door.
  5620 | D:6      | Noticed a shadow
  5677 | D:6      | Reached skill level 5 in Unarmed Combat
  5677 | D:6      | Reached XP level 9. HP: 68/71 MP: 8/8
  5706 | D:6      | Found a staircase to the Ecumenical Temple.
  5745 | Temple   | Entered the Ecumenical Temple
  6028 | Temple   | Became a worshipper of Makhleb the Destroyer
  6082 | D:6      | Found Xegorghi's Book Emporium.
  6172 | D:6      | Reached skill level 6 in Stealth
  6410 | D:6      | Reached skill level 5 in Staves
  6976 | D:6      | Reached * piety under Makhleb
  7042 | D:6      | Found a large runed translucent door.
  7042 | D:6      | Found a large runed translucent door.
  7049 | D:6      | Got a glittering jade amulet
  7058 | D:6      | Identified the Almanac of Fiery Malediction
  7062 | D:6      | Identified the amulet "Umamic" {Acrobat +Blink} (You found
                  | it on level 6 of the Dungeon)
  7091 | D:6      | Reached skill level 5 in Fighting
  7091 | D:6      | Reached skill level 5 in Dodging
  7091 | D:6      | Reached skill level 8 in Stealth
  7091 | D:6      | Reached XP level 10. HP: 83/83 MP: 8/12
  8029 | D:7      | Reached ** piety under Makhleb
  8042 | D:7      | Reached XP level 11. HP: 86/88 MP: 13/13
  8229 | D:7      | Found a hazy altar of Hepliaklqana.
  8250 | D:7      | Found a white marble altar of Elyvilon.
  8250 | D:7      | Found a basalt altar of Yredelemnul.
  8250 | D:7      | Found a snail-covered altar of Cheibriados.
  8405 | D:7      | Found a glowing golden altar of the Shining One.
  8693 | D:8      | Noticed Pikel
  8712 | D:8      | Killed Pikel
  8789 | D:8      | Found an ornate altar of the Wu Jian Council.
  9080 | D:8      | Got a heavily runed ring mail
  9101 | D:8      | Identified the +6 ring mail "Wiox" {rPois} (You found it on
                  | level 8 of the Dungeon)
  9560 | D:9      | Reached skill level 9 in Stealth
 10341 | D:10     | Entered Level 10 of the Dungeon
 10713 | D:10     | Found a transporter.
 10717 | D:10     | Found a transporter.
 10718 | D:10     | Noticed freakyemo's ghost (novice MiBe)
 10781 | D:10     | Reached skill level 5 in Maces & Flails
 10829 | D:10     | Got a slimy diamond amulet
 10831 | D:10     | Identified the amulet "Jasyed" {+Rage rF+ Str+4} (You found
                  | it on level 10 of the Dungeon)
 10906 | D:10     | Reached *** piety under Makhleb
 11006 | D:10     | Found Eqaofy's Jewellery Shop.
 11022 | D:10     | Bought an uncursed ring of see invisible for 210 gold
                  | pieces
 11550 | D:10     | Killed freakyemo's ghost
 11709 | D:11     | Found Moemny's Armour Emporium.
 11742 | D:11     | Found Menix's Antique Weapon Shop.
 11990 | D:11     | Noticed a two-headed ogre
 12006 | D:11     | Noticed a cyclops
 12008 | D:11     | Killed a two-headed ogre
 12019 | D:11     | Killed a cyclops
 12019 | D:11     | Reached skill level 5 in Armour
 12165 | D:11     | Noticed a manticore
 12174 | D:11     | Killed a manticore
 12180 | D:11     | Found a staircase to the Orcish Mines.
 12221 | Orc:1    | Entered Level 1 of the Orcish Mines
 12339 | Orc:1    | Reached XP level 12. HP: 93/97 MP: 14/14
 12450 | Orc:1    | Found a runed translucent door.
 12511 | Orc:1    | Found a roughly hewn altar of Beogh.
 13308 | Orc:2    | Entered Level 2 of the Orcish Mines
 13308 | Orc:2    | Found a staircase to the Elven Halls.
 13404 | Orc:2    | Noticed Urug
 13419 | Orc:2    | Killed Urug
 13419 | Orc:2    | Reached skill level 10 in Stealth
 13722 | Orc:2    | HP: 3/100 [orc priest/divine providence (13)]
 13723 | Orc:2    | Killed from afar by an orc priest

Skill      XL: |  1  2  3  4  5  6  7  8  9 10 11 12 |
---------------+-------------------------------------+-----
Long Blades    | 3 |  3.5
Stealth        | 1 2 3 4 5 8 9 10 | 10.0
Unarmed Combat | 1 2 3 5 7 |  7.6
Armour         | 1 2 3 4 5 |  5.2
Dodging        | 3 4 5 6 |  6.2
Maces & Flails | 1 2 7 8 |  8.1
Fighting       | 3 4 5 6 7 |  7.0
Staves         | 1 4 6 |  6.3
Shields        | 2 3 |  3.0
Spellcasting   | 2 |  2.2
Invocations    | 3 |  3.9
Evocations     | 3 |  3.0
Throwing       | |  1.7

Action                   |  1- 3 |  4- 6 |  7- 9 | 10-12 || total
-------------------------+-------+-------+-------+-------++-------
Melee: Long sword        |    91 |    19 |       |       ||   110
       Mace              |       |   110 |    23 |       ||   133
       Quarterstaff      |       |       |   341 |    92 ||   433
       Dire flail        |       |       |       |   469 ||   469
Throw: Throwing net      |       |     1 |     2 |     1 ||     4
       Stone             |       |       |    34 |    33 ||    67
Invok: Lesser Servant of |       |       |       |    29 ||    29
       Minor Destruction |       |       |       |     6 ||     6
Evoke: Wand              |       |       |       |     3 ||     3
       Lightning rod     |       |       |       |     3 ||     3
  Use: Scroll            |       |     5 |     6 |     3 ||    14
       Potion            |       |     1 |     1 |     1 ||     3
 Stab: Sleeping          |     2 |     3 |     2 |    13 ||    20
       Held in net/web   |       |       |     1 |       ||     1
       Distracted        |       |       |       |     3 ||     3
  Eat: Chunk             |    23 |    22 |    50 |   127 ||   222
       Ration            |       |       |       |     1 ||     1
Armor: Leather armour    |    25 |    85 |     8 |       ||   118
       Scale mail        |       |       |    94 |       ||    94
       Steam dragon scal |       |       |   134 |    78 ||   212
       Ring mail         |       |       |       |   233 ||   233
Dodge: Dodged            |    57 |   149 |   318 |   459 ||   983
       Rpst.: Long sword |    22 |     5 |       |       ||    27
